 Dungeon Crawl Stone Soup version 0.30-a0-1070-gd49b78fada (webtiles) character file.

Game seed: 2931525298697124827

1517098 MacCMillion the Acrobat (level 26, 275/275 HPs)
             Began as a Demigod Hunter on Apr 13, 2023.
             Escaped with the Orb
             ... and 3 runes!
             The game lasted 03:39:10 (93813 turns).

MacCMillion the Acrobat (Demigod Hunter)           Turns: 93813, Time: 03:39:10

Health: 275/275    AC: 28    Str: 20    XL:     26   Next: 56%
Magic:  37/37      EV: 53    Int: 14    God:
Gold:   6278       SH: 21    Dex: 50    Spells: 29/37 levels left

rFire   + . .      SeeInvis +    T - +8 hand crossbow (elec)
rCold   + + .      Faith    .    J - +0 kite shield {AC+3}
rNeg    + + .      Spirit   .    j - +7 faerie dragon scales {rN+ rCorr Str+2 Slay-3}
rPois   +          Reflect  .    r - +1 hat {SInv}
rElec   .          Rampage  .    g - +2 cloak {Stlth+}
rCorr   +                        v - +2 pair of gloves {Dex+3}
Will    ++...                    p - +0 pair of boots {Fly}
Stlth   ++                       D - amulet of regeneration
HPRegen 1.45/turn                S - ring of protection from fire
MPRegen 0.25/turn                R - ring of the Evil One {rPois rC+ rN+ Str+3}

@: flying, studying Evocations
A: high MP 1, forlorn, divine attributes, antennae 1, clever 1, cold resistance
1, deterioration 1, robust 1, strong 1, inability to read after injury 1, noise
suppression
0: Orb of Zot
}: 3/15 runes: decaying, serpentine, slimy
a: no special abilities


You escaped.
You visited 11 branches of the dungeon, and saw 55 of its levels.
You visited the Abyss 1 time.
You also visited: Trove, Bailey, Ice Cave and Volcano.

You collected 7348 gold pieces.
You spent 1070 gold pieces at shops.

Inventory:

Hand Weapons
 a - a +5 arbalest of flaming
 T - a +8 hand crossbow of electrocution (weapon)
Armour
 g - a +2 cloak of stealth (worn)
 j - the +7 faerie dragon scales (worn) {rN+ rCorr Str+2 Slay-3}
   (You took it off the Enchantress on level 1 of the Depths)

   Str:       It affects your strength (+2).
   Slay:      It affects your accuracy & damage with ranged weapons and melee
   (-3).
   rN:        It protects you from negative energy.
   rCorr:     It protects you from acid and corrosion.
 p - a +0 pair of boots of flying (worn)
 r - a +1 hat of see invisible (worn)
 v - a +2 pair of gloves of dexterity (worn)
 y - a +2 helmet of intelligence
 J - a +0 kite shield of protection (worn)
Jewellery
 D - an amulet of regeneration (around neck)
 E - a +4 ring of protection
 G - a ring of positive energy
 H - a ring of see invisible
 M - the amulet of Myasat {Reflect Harm Dex+3 SH+5}
   (You found it on level 3 of the Depths)

   [amulet of reflection]

   It reflects blocked missile attacks.
   Dex:       It affects your dexterity (+3).
   SH:        It affects your SH (+5).
   Harm:      It increases damage dealt and taken.
 Q - the ring of Fragile Peace {rPois EV+5 Dex+3}
   (You acquired it on level 14 of the Dungeon)

   [ring of evasion]

   EV:        It affects your evasion (+5).
   Dex:       It affects your dexterity (+3).
   rPois:     It protects you from poison.
 R - the ring of the Evil One (right hand) {rPois rC+ rN+ Str+3}
   (You found it on level 1 of the Depths)

   [ring of poison resistance]

   Str:       It affects your strength (+3).
   rC:        It protects you from cold.
   rPois:     It protects you from poison.
   rN:        It protects you from negative energy.
 S - a ring of protection from fire (left hand)
 V - a +4 ring of slaying
 Y - the ring "Ytin Siw" {Will+ Str+7}
   (You found it on level 5 of the Pits of Slime)

   [ring of willpower]

   Str:       It affects your strength (+7).
   Will:      It increases your willpower.
Wands
 d - a wand of roots (61)
 u - a wand of acid (24)
 L - a wand of polymorph (36)
 O - a wand of digging (30)
 W - a wand of flame (121)
Scrolls
 b - 14 scrolls of immolation
 c - 16 scrolls of vulnerability
 f - 4 scrolls of torment
 h - 4 scrolls of poison
 i - 2 scrolls of summoning
 k - 26 scrolls of teleportation
 n - 8 scrolls of blinking
 s - 9 scrolls of magic mapping
 t - 6 scrolls of fog
 w - 10 scrolls of enchant armour
 I - 8 scrolls of fear
 K - 6 scrolls of silence
Potions
 e - 9 potions of attraction
 l - 3 potions of haste
 m - 10 potions of might
 o - 6 potions of mutation
 q - 23 potions of curing
 x - 2 potions of invisibility
 B - 4 potions of cancellation
 F - 2 potions of berserk rage
 N - 8 potions of magic
 P - a potion of resistance
 U - 10 potions of heal wounds
 X - 8 potions of lignification
Miscellaneous
 A - a condenser vane
 C - a phial of floods
 Z - a phantom mirror


   Skills:
 + Level 23.0 Fighting
 + Level 23.0 Ranged Weapons
 - Level 11.0 Armour
 + Level 23.0 Dodging
 - Level 3.7 Stealth
 - Level 15.0 Shields
 - Level 6.0 Spellcasting
 - Level 7.0 Hexes
 - Level 7.0 Translocations
 - Level 7.0 Air Magic
 - Level 5.0 Evocations


You had 29 spell levels left.
You knew the following spells:

 Your Spells              Type           Power      Damage    Failure   Level
a - Blink                 Tloc           46%        N/A       2%          2
b - Swiftness             Air            23%        N/A       5%          3
c - Portal Projectile     Hex/Tloc       46%        N/A       5%          3

Your spell library contained the following spells:

 Spells                   Type           Power      Damage    Failure   Level
 Apportation              Tloc           46%        N/A       1%          1
 Lesser Beckoning         Tloc           46%        N/A       2%          2
 Tukima's Dance           Hex            23%        N/A       5%          3
 Vhi's Electric Charge    Tloc/Air       46%        N/A       5%          3
 Shock                    Conj/Air       56%        1d6       8%          1
 Momentum Strike          Conj/Tloc      28%        3d8       12%         2
 Poisonous Vapours        Pois/Air       28%        N/A       12%         2
 Airstrike                Air            11%        2d(2-18)  19%         4
 Manifold Assault         Tloc           23%        N/A       19%         4
 Passage of Golubria      Tloc           23%        N/A       19%         4
 Cigotuvi's Dreadful Rot  Necr/Pois/Air  20%        N/A       21%         2
 Dazzling Flash           Conj/Hex       28%        N/A       24%         3
 Inner Flame              Hex/Fire       14%        N/A       24%         3
 Summon Guardian Golem    Hex/Summ       14%        N/A       24%         3
 Volatile Blastmotes      Fire/Tloc      28%        2d12      24%         3
 Kiss of Death            Conj/Necr      16%        2d6       32%         1
 Magic Dart               Conj           16%        1d3       32%         1
 Necrotise                Necr           16%        1d4       32%         1
 Sandblast                Erth           8%         2d5       32%         1
 Sting                    Tmut/Pois      16%        1d3       32%         1
 Summon Small Mammal      Summ           16%        N/A       32%         1
 Mephitic Cloud           Conj/Pois/Air  10%        N/A       36%         3
 Call Imp                 Summ           8%         N/A       45%         2
 Passwall                 Tmut/Erth      3%         N/A       45%         2
 Searing Ray              Conj           8%         2d4       45%         2
 Sublimation of Blood     Necr           4%         N/A       45%         2
 Fulminant Prism          Conj/Hex       7%         3d7       61%         4
 Iskenderun's Mystic Bla  Conj/Tloc      14%        2d5       61%         4
 Leda's Liquefaction      Hex/Erth       7%         N/A       61%         4
 Call Canine Familiar     Summ           4%         N/A       69%         3
 Ignite Poison            Fire/Tmut/Pois 4%         N/A       69%         3
 Ozocubu's Armour         Ice            4%         N/A       69%         3
 Stone Arrow              Conj/Erth      8%         3d7       69%         3
 Vampiric Draining        Necr           4%         2d6       69%         3
 Arcjolt                  Conj/Air       7%         1d17      91%         5
 Yara's Violent Unravell  Hex/Tmut       7%         3d5       91%         5
 Dispel Undead            Necr           4%         3d7       97%         4
 Flame Wave               Conj/Fire      4%         2d5       97%         4
 Olgreb's Toxic Radiance  Pois           4%         N/A       97%         4
 Petrify                  Tmut/Erth      4%         N/A       97%         4
 Sticky Flame             Conj/Fire      4%         2d3       97%         4
 Agony                    Necr           4%         N/A       100%        5
 Alistair's Intoxication  Tmut/Pois      2%         N/A       100%        5
 Borgnjor's Vile Clutch   Necr/Erth      2%         N/A       100%        5
 Irradiate                Conj/Tmut      2%         3d12      100%        5
 Iskenderun's Battlesphe  Conj           4%         2d6       100%        5
 Lee's Rapid Deconstruct  Erth           2%         3d4*      100%        5
 Death Channel            Necr           2%         N/A       100%        6
 Eringya's Noxious Bog    Tmut/Pois      2%         N/A       100%        6
 Iron Shot                Conj/Erth      2%         9d2       100%        6
 Plasma Beam              Fire/Air       7%         2x1d19    100%        6
 Simulacrum               Ice/Necr       2%         N/A       100%        6
 Starburst                Conj/Fire      2%         6d3       100%        6
 Orb of Destruction       Conj           2%         9d5       100%        7
 Ozocubu's Refrigeration  Ice            2%         4d7       100%        7
 Spellforged Servitor     Conj/Summ      2%         N/A       100%        7
 Storm Form               Tmut/Air       7%         N/A       100%        7
 Borgnjor's Revivificati  Necr           2%         N/A       100%        8
 Ignition                 Fire           2%         3d3       100%        8
 Lehudib's Crystal Spear  Conj/Erth      2%         10d2      100%        8
 Summon Horrible Things   Summ           2%         N/A       100%        8
 Fire Storm               Conj/Fire      2%         8d1       100%        9
 Polar Vortex             Ice            2%         N/A       100%        9


Dungeon Overview and Level Annotations

Branches:
Dungeon (15/15)            Temple (0/1) D:6            Lair (5/5) D:11
  Swamp (4/4) Lair:2        Snake (4/4) Lair:3        Slime (5/5) Lair:5
    Orc (2/2) D:11            Elf (3/3) Orc:2        Vaults (5/5) D:14
  Crypt (3/3) Vaults:2       Tomb (0/3) Crypt:3      Depths (4/4) D:15
    Zot (5/5) Depths:4     Bailey (visited)           IceCv (visited)
Volcano (visited)

Shops:
Orc:2 (::*   Elf:1 ?   Snake:2 *[[*:   Vaults:1 [

Portals:
Hell: Depths:1 Depths:2 Depths:3 Depths:4
Abyss: Depths:2 Depths:3
Pandemonium: Depths:1 Depths:2 Depths:3 Depths:4
Ziggurat: Depths:3

Annotations:
D:8 5 exclusions
D:13 4 transporters
Lair:2 1 runed translucent door, Majang's ghost, journeyman TeFE
Lair:5 2 runed translucent doors
Snake:4 2 transporters, Conn's ghost, adept OpFE
Elf:2 3 runed translucent doors
Depths:3 Parghit
Zot:4 1 runed translucent door, Kourobo's ghost, master MiFi


Innate Abilities, Weirdness & Mutations

You have an increased reservoir of magic. (+10% MP)
You shall have no god before yourself.
Your divine heritage dramatically boosts your attributes as you level up.
You have a pair of small antennae on your head.
Your mind is acute. (Int +4, Str/Dex -1)
Your flesh is cold resistant. (rC+)
Your body sometimes deteriorates upon taking damage.
You are robust. (+10% HP)
Your muscles are strong. (Str +4, Int/Dex -1)
You occasionally lose the ability to read scrolls when taking damage.
You passively dampen the noise of your surroundings.


Message History

You block the reaper's attack.
You shoot a bolt. The bolt hits the reaper.
The reaper is almost dead.
You block the reaper's attack.
You shoot a bolt. The bolt hits the reaper!!
You kill the reaper!
No target in view!
No target in view!
(D) Dungeon (T) Temple (L) Lair (S) Swamp (P) Snake Pit (M) Slime Pits (O) Orcish Mines (E) Elven Halls (V) Vaults (C) Crypt (W) Tomb (U) Depths (H) Hell (Z) Zot
Where to? (Enter - D:1 @ (x,y), ? - help)
A large abomination comes into view.
You shoot a bolt. The bolt hits the large abomination!
The large abomination is moderately damaged.
You shoot a bolt. The bolt hits the large abomination!!
Lightning courses through the large abomination!
You destroy the large abomination!
(D) Dungeon (T) Temple (L) Lair (S) Swamp (P) Snake Pit (M) Slime Pits (O) Orcish Mines (E) Elven Halls (V) Vaults (C) Crypt (W) Tomb (U) Depths (H) Hell (Z) Zot
Where to? (Enter - D:1 @ (x,y), ? - help)
You see here a +0 spear.
There is a stone staircase leading up here.
You fly upwards.
There is a stone staircase leading down here.
There is a stone staircase leading up here.
You fly upwards.
There is a stone staircase leading down here.
There is a stone staircase leading up here.
You fly upwards.
There is a stone staircase leading down here.
There is a stone staircase leading up here.
You fly upwards.
There is a stone staircase leading down here.
There is an open door here.
There is a staircase leading out of the dungeon here.
You have escaped!

....####........#####.#.#.###.#..
....+.......##..).........#......
....####..#############...###.#..
....# #..# ##.## #...###.#..
....# #..# ##...## #..........
....# #..# ##.....## #.....)...#
+##### #..###.......####..###...#
.....# #..##.........###.........
.....# #..+.....@.....'..#####..)
)....###..#####...######.# #.....
..............##.#######.###.#...
...........)..##.##...##...#.#..#
..............##.##...++.........
..............##.##...##...#.#..#
...##.........##+#....#..###.#..#
...##.........##.....≈~.~~.#.#...
...##.........#######.~.≈.~..##.#


There were no monsters in sight!

Vanquished Creatures
  the Royal Jelly (Slime:5)
  Tiamat (Zot:2)
  Khufu (Crypt:2)
  7 orbs of fire
  2 ancient liches (Zot:5)
  2 royal mummies (Crypt:2)
  2 juggernauts
  Boris (Crypt:3)
  4 Killer Klowns (Zot:5)
  Margery (Depths:4)
  Jory (Vaults:4)
  4 golden dragons
  the Enchantress (Depths:1)
  A profane servitor (Crypt:1)
  3 bone dragons
  The ghost of Gexir the Sorcerer, a veteran DjCj of Jiyva (Vaults:3)
  A Brimstone Fiend (D:11)
  5 electric golems
  2 walking crystal tomes
  15 tentacled monstrosities
  A Hell Sentinel (Zot:3)
  A hellephant (Depths:2)
  Rupert (D:13)
  2 walking earthen tomes
  A walking divine tome (Depths:3)
  2 deep elf blademasters
  A walking frostbound tome (Depths:3)
  6 liches
  2 deep elf master archers (Elf:3)
  24 Orb Guardians
  2 titans
  2 quicksilver dragons
  11 ancient champions
  13 acid blobs
  4 sphinxes
  7 death cobs
  An Executioner (D:5)
  10 storm dragons
  2 thorn hunters
  3 tengu reavers
  6 shadow dragons
  7 draconian monks
  Donald (Orc:2)
  17 rockslimes
  2 nagarajas (Snake:4)
  4 draconian knights
  4 fire giants
  Kirke (D:15)
  4 revenants
  7 azure jellies
  2 iron dragons
  A balrug (Depths:2)
  A ghost moth (Zot:3)
  5 deep elf sorcerers
  11 vault wardens
  4 frost giants
  Aizul (Swamp:4)
  3 deep elf elementalists (Elf:3)
  4 draconian scorchers
  6 draconian shifters
  3 curse skulls
  A draconian stormcaller (Zot:3)
  17 ghouls
  8 draconian annihilators
  5 spriggan defenders
  8 stone giants
  4 ironbound preservers
  5 quicksilver oozes
  5 reapers
  10 ironbound thunderhulks
  26 very ugly things
  11 vampire knights
  5 deep elf demonologists
  17 green draconians
  2 lorocyprocas
  8 dire elephants (Vaults:1)
  9 deep elf annihilators
  16 yellow draconians
  9 white draconians
  7 eleionomae
  15 purple draconians
  5 bunyips
  12 black draconians
  13 eidola
  3 spark wasps
  8 red draconians
  6 fire dragons
  2 crystal guardians (Vaults:2)
  9 deep elf death magi
  Josephine (Lair:4)
  4 mummy priests
  10 ettins
  3 entropy weavers
  2 deep elf high priests (Elf:3)
  14 yaktaur captains
  17 jiangshi
  7 great orbs of eyes
  19 hydras
  3 ice dragons
  3 vault guards (Vaults:3)
  12 spriggan air magi
  5 rakshasas
  3 ogre magi
  A peacekeeper (Vaults:2)
  17 centaur warriors
  4 ironbound frosthearts
  6 salamander tyrants
  4 anacondas
  12 dancing weapons
  5 death knights
  4 ghost crabs
  9 alligators
  3 death yaks
  20 two-headed ogres
  3 boulder beetles
  14 vampire magi
  13 naga warriors
  6 tengu warriors
  6 deep troll shamans
  Urug (D:13)
  7 deep troll earth magi
  An orc high priest (Elf:3)
  17 deep elf knights
  7 spriggan berserkers
  8 shock serpents
  Sonja (Lair:5)
  12 naga sharpshooters
  4 sun demons
  8 hell knights (Depths:4)
  Nergalle (Lair:3)
  3 soul eaters
  12 spriggans
  A fire crab (Lair:5)
  2 storm dragon skeletons
  11 iron trolls
  3 salamander mystics (Snake:4)
  6 shadow wraiths
  23 skeletal warriors
  2 sixfirhies (Depths:3)
  7 spriggan druids
  2 goliath frogs (Swamp:2)
  23 deep trolls
  4 bog bodies
  9 flayed ghosts
  4 naga ritualists
  8 swamp dragons
  6 lindwurms
  A shadow dragon zombie (Depths:1)
  A golden dragon skeleton (Depths:1)
  5 glowing orange brains
  18 phantasmal warriors
  A steelbarb worm (shapeshifter) (Elf:1)
  2 obsidian statues
  13 deep elf archers
  18 ironbound convokers
  An orc knight (D:11)
  A shadow demon (Depths:3)
  35 deep elf pyromancers
  7 wizards
  3 spriggan simulacra (IceCv)
  8 mana vipers
  8 necromancers
  A sphinx zombie (Depths:2)
  4 orc sorcerers
  A jorogumo zombie (Crypt:3)
  23 deep elf zephyrmancers
  3 fire giant zombies
  A mana viper (shapeshifter) (Zot:1)
  7 shining eyes
  7 manticores
  A sphinx skeleton (Crypt:1)
  A frost giant skeleton (Depths:2)
  A stone giant zombie (Crypt:3)
  7 will-o-the-wisps
  29 ugly things
  11 cyclopes
  15 salamanders
  An iron dragon skeleton (Crypt:2)
  19 vault sentinels
  20 naga magi
  20 moths of wrath
  35 black mambas
  5 rust devils
  4 molten gargoyles
  6 elephants (Lair:1)
  A demonic crawler (Zot:3)
  3 orange demons
  A green draconian zombie (Crypt:2)
  A smoke demon (Depths:2)
  8 eyes of devastation
  A torpor snail (Lair:1)
  6 gargoyles
  7 cane toads
  A dire elephant skeleton (Crypt:3)
  20 freezing wraiths
  26 yaktaurs
  2 rime drakes (Lair:5)
  2 unseen horrors (D:12)
  3 efreet
  6 kobold demonologists
  An unseen horror zombie (Crypt:1)
  9 komodo dragons
  A tengu conjurer (Depths:3)
  4 ice devils
  A yaktaur zombie (Vaults:4)
  An orb spider zombie (Crypt:2)
  2 red devils
  An anaconda simulacrum (IceCv)
  7 guardian mummies (Crypt:3)
  2 harpy zombies (Crypt:3)
  2 hellwings
  15 trolls
  8 hornets
  A meliai (shapeshifter) (Depths:1)
  2 bloated husks
  A moth of wrath zombie (Crypt:1)
  A sphinx simulacrum (Vaults:4)
  A harpy skeleton (Crypt:3)
  2 hornets (shapeshifter)
  2 tarantellas
  11 tyrant leeches
  2 ettin zombies (Crypt:3)
  A human simulacrum (Vaults:4)
  A raiju (shapeshifter) (Depths:4)
  A stone giant simulacrum (Crypt:3)
  4 blink frogs (Lair:2)
  An elf zombie (Vaults:4)
  61 slime creatures
  10 flying skulls
  A vampire (D:10)
  Sigmund (D:3)
  A culicivora (Vaults:3)
  A dire elephant simulacrum (IceCv)
  2 shadows (D:10)
  2 air elementals (Elf:1)
  A centaur simulacrum (D:15)
  2 water elementals (Elf:1)
  16 humans
  11 wraiths
  4 basilisks
  45 yaks
  2 ushabtiu (Crypt:3)
  7 wyverns
  2 hogs (D:15)
  A black mamba skeleton (Crypt:3)
  A fire elemental (Elf:2)
  6 golden eyes
  6 steam dragons
  2 neqoxecs
  8 vampire mosquitoes
  A chaos spawn (Depths:4)
  3 minotaur simulacra (IceCv)
  A large abomination (D:5)
  A skyshark zombie (Crypt:1)
  14 swamp worms
  A fire bat zombie (Crypt:2)
  2 glowing shapeshifter zombies
  2 harpy simulacra (IceCv)
  41 nagas
  A warg (shapeshifter) (D:15)
  An acid dragon (D:10)
  A deep troll zombie (Crypt:3)
  2 hydra simulacra (IceCv)
  A spectral yak (Lair:2)
  6 water moccasins
  A floating eye (Depths:1)
  4 hell hounds (Lair:5)
  12 swamp drakes
  Duvessa (D:4)
  An ice beast (D:8)
  10 orc warriors
  A black bear (D:4)
  An alligator simulacrum (IceCv)
  2 ettin simulacra
  25 ogres
  A spectral rime drake (Lair:2)
  14 wolves
  7 centaurs
  A spectral basilisk (Lair:2)
  10 kobold brigands
  2 phantoms
  10 bullfrogs
  2 spectral water moccasins (Lair:2)
  A deep troll simulacrum (IceCv)
  4 necrophages
  3 scorpions
  A draconian skeleton (Crypt:3)
  A glowing shapeshifter simulacrum (Depths:2)
  11 wights
  Dowan (D:4)
  A cyclops skeleton (Crypt:2)
  11 killer bees
  An electric eel (Lair:4)
  6 howler monkeys
  5 lava snakes (Lair:5)
  A wolf skeleton (Crypt:2)
  2 jellies
  A hound (D:4)
  A gnoll bouda (D:5)
  9 orc priests
  2 sleepcaps
  2 human zombies
  A basilisk skeleton (Crypt:1)
  2 iguanas
  11 orc wizards
  A scorpion zombie (D:4)
  2 boggart zombies
  A boggart skeleton (Crypt:2)
  2 naga zombies
  2 hound zombies (D:4)
  11 mummies
  Robin (D:3)
  13 gnolls
  14 adders
  A swamp drake skeleton (Crypt:1)
  2 shadow imps (D:11)
  3 white imps
  An ufetubus (D:5)
  A lava snake zombie (Crypt:3)
  2 worms
  2 dart slugs
  47 orcs
  7 bats
  8 endoplasms
  3 giant cockroaches
  11 goblins
  4 hobgoblins
  4 jackals (D:1)
  A quokka (shapeshifter) (Depths:1)
  3 quokkas
  6 ball pythons
  5 frilled lizards
  A goblin skeleton (Crypt:3)
  A jackal zombie (D:4)
  42 kobolds
  10 kobold skeletons (D:11)
  8 kobold zombies (D:11)
  6 rats
  A rat skeleton (Crypt:3)
2113 creatures vanquished.

Vanquished Creatures (collateral kills)
  An orb of fire (Zot:5)
  A Killer Klown (Zot:5)
  A hell beast (Depths:4)
  A chaos spawn (Depths:4)
4 creatures vanquished.

Vanquished Creatures (others)
  A lich (Crypt:3)
  A draconian stormcaller (Zot:1)
  A green draconian zombie (Zot:2)
  A moth of wrath zombie (Zot:2)
  A human (D:15)
  14 foxfires
  5 fungi
  13 plants
  2 withered plants (Lair:2)
39 creatures vanquished.

Grand Total: 2156 creatures vanquished

Notes
Turn   | Place    | Note
-------+----------+-------------------------------------------
     0 | D:1      | MacCMillion the Demigod Hunter began the quest for the Orb.
     0 | D:1      | Reached XP level 1. HP: 17/17 MP: 3/3
     7 | D:1      | You fall into a shaft and drop 1 floor!
    40 | D:2      | Reached skill level 1 in Stealth
   320 | D:2      | Reached XP level 2. HP: 24/24 MP: 4/4
  1221 | D:1      | Reached XP level 3. HP: 29/29 MP: 5/5
  2306 | D:3      | Reached XP level 4. HP: 36/36 MP: 6/6
  2317 | D:3      | Reached skill level 5 in Ranged Weapons
  2467 | D:3      | Noticed Robin
  2483 | D:3      | Killed Robin
  2779 | D:3      | Reached XP level 5. HP: 37/41 MP: 7/7
  3223 | D:3      | Noticed Sigmund
  3429 | D:4      | HP: 1/41 [scorpion (6)]
  3533 | D:4      | Noticed Duvessa
  3820 | D:4      | Noticed an ogre
  3833 | D:4      | Killed an ogre
  3834 | D:4      | Reached XP level 6. HP: 29/48 MP: 8/8
  3924 | D:4      | Noticed Dowan
  4467 | D:4      | Reached XP level 7. HP: 37/52 MP: 9/9
  5283 | D:4      | Identified the +7 falchion "Beadalest" {antimagic, Int+3}
  5293 | D:5      | Entered Level 5 of the Dungeon
  6300 | D:5      | Reached XP level 8. HP: 17/60 MP: 10/10
  7327 | D:5      | Reached skill level 10 in Ranged Weapons
  8394 | D:6      | Found a staircase to the Ecumenical Temple.
 10773 | D:7      | Reached XP level 9. HP: 70/70 MP: 11/11
 11969 | D:4      | Killed Duvessa
 11979 | D:4      | Killed Dowan
 12106 | D:3      | Killed Sigmund
 12581 | D:8      | Found a flagged portal.
 12590 | Bailey   | Entered a bailey
 13004 | D:8      | Noticed a cyclops
 13548 | D:8      | Reached skill level 5 in Fighting
 13548 | D:8      | Reached skill level 5 in Dodging
 13657 | D:8      | Noticed a kobold demonologist
 13956 | D:9      | Noticed a two-headed ogre
 14085 | D:8      | Reached XP level 10. HP: 52/81 MP: 13/13
 14749 | D:9      | Killed a two-headed ogre
 15537 | D:10     | Entered Level 10 of the Dungeon
 16415 | D:10     | Noticed a two-headed ogre
 16435 | D:10     | Killed a two-headed ogre
 17492 | D:11     | Noticed a two-headed ogre
 17537 | D:11     | Killed a two-headed ogre
 17871 | D:11     | Noticed a cyclops
 17877 | D:11     | Killed a cyclops
 17878 | D:11     | Reached XP level 11. HP: 56/91 MP: 14/14
 18379 | D:11     | Noticed a deep elf pyromancer
 18596 | D:8      | Noticed a two-headed ogre
 18606 | D:8      | Killed a two-headed ogre
 18667 | D:8      | Noticed a deep elf pyromancer
 18674 | D:8      | Killed a deep elf pyromancer
 18692 | D:8      | Identified the staff of death "Hayshuyff" {Contam rF++
                  | rC+++ rN+ rCorr}
 18758 | D:8      | Identified the +0 scale mail of Purpose {Str+2}
 19176 | D:11     | Noticed a death yak
 19176 | D:11     | Noticed a death yak
 19195 | D:11     | Killed a death yak
 19203 | D:11     | Noticed a death yak
 19784 | D:10     | Killed a death yak
 20798 | D:11     | Killed a death yak
 20949 | D:11     | Found a staircase to the Lair.
 21783 | D:11     | Killed a deep elf pyromancer
 21846 | D:11     | Found a staircase to the Orcish Mines.
 21994 | Lair:1   | Entered Level 1 of the Lair of Beasts
 22344 | Lair:1   | Reached skill level 15 in Ranged Weapons
 22344 | Lair:1   | Reached XP level 12. HP: 54/103 MP: 15/15
 23898 | Lair:2   | You fall into a shaft and drop 1 floor!
 24068 | Lair:3   | Noticed Nergalle
 24074 | Lair:3   | Killed Nergalle
 24229 | Lair:3   | Found a dark tunnel.
 24266 | Volcano  | Entered a volcano
 24855 | Volcano  | Noticed a red draconian
 24871 | Volcano  | Killed a red draconian
 24872 | Volcano  | Reached skill level 10 in Fighting
 24878 | Volcano  | Reached skill level 10 in Dodging
 24883 | Volcano  | Noticed an orb of fire
 24907 | Volcano  | Reached skill level 1 in Armour
 25120 | Volcano  | Noticed an orb of fire
 25271 | Lair:3   | Found a staircase to the Snake Pit.
 25413 | Lair:3   | Reached XP level 13. HP: 113/113 MP: 16/16
 25467 | Lair:3   | Got Vehumet's Catalogue of Tropical Arcane Combat
 26495 | Lair:5   | Entered Level 5 of the Lair of Beasts
 26495 | Lair:5   | Noticed Josephine
 26849 | Lair:5   | Noticed Sonja
 26881 | Lair:4   | Killed Josephine
 27156 | Lair:5   | Killed Sonja
 27223 | Lair:5   | Identified a scroll of acquirement
 27224 | Lair:5   | Acquired a +4 arbalest of flaming
 27294 | Lair:5   | Found a staircase to the Slime Pits.
 28366 | Lair:5   | Found a large runed translucent door.
 28366 | Lair:5   | Found a large runed translucent door.
 28832 | Orc:1    | Entered Level 1 of the Orcish Mines
 29446 | Orc:2    | Entered Level 2 of the Orcish Mines
 29450 | Orc:2    | Found a staircase to the Elven Halls.
 29454 | Orc:2    | Noticed Donald
 29461 | Orc:2    | Killed Donald
 30065 | Orc:2    | Paralysed by something for 2 turns
 30254 | Orc:2    | Reached XP level 14. HP: 122/122 MP: 17/17
 30287 | Orc:2    | Paralysed by an ogre mage for 2 turns
 30699 | Orc:2    | Found Muprasah's Weapon Boutique.
 30700 | Orc:2    | Found Wubimoec's Book Boutique.
 30706 | Orc:2    | Found Feegec's Book Shoppe.
 30709 | Orc:2    | Bought a book of Spatial Translocations for 270 gold pieces
 30712 | Orc:2    | Learned a level 2 spell: Blink
 30720 | Orc:2    | Found Hido Alo's General Store.
 30947 | D:12     | Reached skill level 1 in Translocations
 30948 | D:12     | Reached skill level 1 in Spellcasting
 31894 | D:13     | Noticed Rupert
 32114 | D:13     | Found a transporter.
 32559 | D:13     | Killed Rupert
 32619 | D:13     | Reached skill level 5 in Translocations
 32677 | D:13     | Found a transporter.
 32679 | D:13     | Found a transporter.
 32683 | D:13     | Found a transporter.
 33062 | D:14     | Noticed Urug
 33062 | D:14     | Found a gate to the Vaults.
 33270 | D:13     | Killed Urug
 33457 | D:13     | Learned a level 3 spell: Swiftness
 33539 | D:14     | Identified the +6 dagger of Lies {protect, rF- rN+ Int+4}
 33580 | D:14     | Reached skill level 1 in Air Magic
 34106 | Lair:2   | Found a runed translucent door.
 34106 | Lair:2   | Noticed Majang's ghost (journeyman TeFE)
 34249 | Lair:2   | Found a staircase to the Swamp.
 34648 | Lair:2   | Acquired the ring of Fragile Peace {rPois EV+5 Dex+3}
 35214 | D:15     | Entered Level 15 of the Dungeon
 35383 | D:15     | Noticed a tengu reaver
 35391 | D:15     | Killed a tengu reaver
 35504 | D:15     | Identified the staff of air "Vaigg" {Drain +Blink rElec
                  | Stlth+}
 35504 | D:15     | Noticed Kirke
 35508 | D:15     | Noticed a tengu reaver
 35513 | D:15     | Killed Kirke
 35535 | D:15     | Killed a tengu reaver
 35685 | D:15     | Reached XP level 15. HP: 132/132 MP: 21/21
 35766 | D:15     | Found a staircase to the Depths.
 36243 | D:15     | Reached skill level 5 in Air Magic
 36719 | Snake:1  | Entered Level 1 of the Snake Pit
 37845 | Snake:1  | Identified the staff of fire "Wufetybb" {rF+ rC+ rN++
                  | Dex-2}
 38386 | Snake:2  | Found Sipyib Poatu's Antique Armour Boutique.
 38387 | Snake:2  | Found Bouhacio's Book Shop.
 38387 | Snake:2  | Found Zyfeud's Armour Boutique.
 38397 | Snake:2  | Found Namanini's Assorted Antiques.
 38417 | Snake:2  | Bought a glowing cloak for 285 gold pieces
 38474 | Snake:2  | Found Qikhlemish's Gadget Gallery.
 38941 | Snake:2  | Found Zyfeud's Armour Boutique.
 38943 | Snake:2  | Found Namanini's Assorted Antiques.
 38943 | Snake:2  | Found Sipyib Poatu's Antique Armour Boutique.
 38947 | Snake:2  | Found Bouhacio's Book Shop.
 38988 | Snake:2  | Found Qikhlemish's Gadget Gallery.
 39383 | Snake:2  | Bought a scroll of identify for 62 gold pieces
 39383 | Snake:2  | Bought 2 scrolls of identify for 124 gold pieces
 41590 | Snake:3  | Reached XP level 16. HP: 144/145 MP: 24/24
 42626 | Snake:4  | Entered Level 4 of the Snake Pit
 43093 | Snake:4  | Noticed Conn's ghost (adept OpFE)
 43185 | Snake:4  | Found a transporter.
 43187 | Snake:4  | Found a transporter.
 44503 | Snake:4  | Reached skill level 15 in Fighting
 44503 | Snake:4  | Reached skill level 15 in Dodging
 44669 | Snake:4  | Got a serpentine rune of Zot
 45016 | Swamp:1  | Entered Level 1 of the Swamp
 46949 | Swamp:2  | Identified the +2 leather armour of Xausch {rC+}
 47465 | Swamp:3  | Reached XP level 17. HP: 158/158 MP: 25/25
 48969 | Swamp:4  | Entered Level 4 of the Swamp
 49291 | Swamp:4  | Identified the +0 chain mail "Iclio" {Dex+5}
 49479 | Swamp:4  | Noticed a tentacled monstrosity
 49485 | Swamp:4  | Killed a tentacled monstrosity
 49715 | Swamp:4  | Noticed Aizul
 49725 | Swamp:4  | Killed Aizul
 50027 | Swamp:4  | Got a decaying rune of Zot
 50615 | Elf:1    | Entered Level 1 of the Elven Halls
 51161 | Elf:1    | Identified the +6 shadow dragon scales of Stoicism {-Cast
                  | rF+++ rCorr Dex-4 Stlth++++}
 51215 | Elf:1    | Found Savuusy's Magic Scroll Shoppe.
 51853 | Elf:2    | Found a frozen archway.
 51896 | IceCv    | Entered an ice cave
 52015 | IceCv    | Reached XP level 18. HP: 171/171 MP: 26/26
 52927 | IceCv    | Found the +8 frozen axe "Frostbite" {freeze, freezing
                  | cloud, *Noise Fly rC+}
 53306 | Elf:2    | Found a runed translucent gate.
 53306 | Elf:2    | Found a runed translucent gate.
 53307 | Elf:2    | Found a runed translucent gate.
 53343 | Elf:3    | Entered Level 3 of the Elven Halls
 53861 | Elf:3    | Identified the staff of poison "Nyotery" {+Blink rPois
                  | Str-5 Int+2}
 53866 | Elf:3    | Reached skill level 1 in Evocations
 54582 | Elf:3    | Reached skill level 5 in Evocations
 55139 | Elf:3    | Identified the amulet of the Eagle {Faith Rampage}
 55219 | Elf:3    | Identified the +2 battleaxe of the Protecting Gods
                  | {protect, Fragile rCorr Str+4 Stlth+}
 55625 | Elf:3    | Identified the ring of Light {Will+ Str+3}
 55637 | Elf:3    | Identified the +6 mace "Mer Cioh" {protect, MP+9 Str-3
                  | Dex+2 Stlth+}
 56096 | Elf:3    | Identified the +11 dagger of the Red Skies {heavy, rPois
                  | Will- Int-2 Stlth+}
 56158 | Elf:3    | Identified the staff of conjuration "Plog" {rN+ Int+5}
 56162 | Elf:3    | Identified the +2 pair of gloves of Esmur {rElec Will+
                  | Str+3 Dex-3}
 56182 | Elf:3    | Got Dispater's Catalogue of Kinetic Energy
 56499 | Vaults:1 | Entered Level 1 of the Vaults
 57689 | Vaults:1 | Found Xiunoig's Armour Boutique.
 57866 | Vaults:1 | Reached XP level 19. HP: 182/182 MP: 27/27
 58079 | Vaults:1 | You are sucked into a shaft and drop 1 floor!
 58760 | Vaults:2 | Identified the +2 demon whip "Errysh" {venom, MP+9 Dex+3}
 58992 | Vaults:2 | Found a staircase to the Crypt.
 61269 | Vaults:3 | Found a runed translucent gate.
 61269 | Vaults:3 | Found a runed translucent gate.
 61270 | Vaults:3 | Found a runed translucent gate.
 61271 | Vaults:3 | Noticed Gexir's ghost (veteran DjCj)
 61856 | Vaults:3 | Reached skill level 1 in Shields
 62036 | Vaults:3 | Identified the +1 robe of Makhleb's Hope {Rampage rN+
                  | Slay+2}
 62107 | Abyss:2  | Cast into level 2 of the Abyss (a wizard)
 62131 | Vaults:3 | Escaped the Abyss
 62550 | Vaults:4 | Noticed Jory
 62567 | Vaults:4 | Killed Jory
 62967 | Vaults:4 | Reached XP level 20. HP: 169/195 MP: 28/28
 63298 | Vaults:3 | Learned a level 3 spell: Portal Projectile
 63316 | Vaults:4 | Reached skill level 1 in Hexes
 64440 | Vaults:5 | Entered Level 5 of the Vaults
 64512 | Crypt:1  | Entered Level 1 of the Crypt
 64890 | Depths:1 | Entered Level 1 of the Depths
 64895 | Depths:1 | Noticed the Enchantress
 65036 | Depths:1 | Reached skill level 5 in Shields
 65086 | Depths:1 | Noticed a golden dragon
 65114 | Depths:1 | Killed a golden dragon
 65294 | Depths:1 | Identified the ring of the Evil One {rPois rC+ rN+ Str+3}
 65499 | Depths:1 | Found a gateway to Hell.
 65526 | Depths:1 | Noticed a golden dragon
 65576 | Depths:1 | Gained mutation: Your spells are a little easier to cast,
                  | but a little less powerful. [a neqoxec]
 65593 | Depths:1 | Killed the Enchantress
 66106 | Depths:1 | Reached skill level 10 in Shields
 66342 | Depths:1 | Identified the +3 shortbow of Parts Unknown {drain, rCorr
                  | Stlth+}
 66594 | Depths:1 | Killed a golden dragon
 66735 | Depths:1 | Found a one-way gate leading to the halls of Pandemonium.
 67131 | Vaults:3 | Killed Gexir's ghost
 68036 | Depths:2 | Found a one-way gate to the infinite horrors of the Abyss.
 68297 | Depths:3 | Reached XP level 21. HP: 123/202 MP: 30/30
 68377 | Depths:3 | Noticed a juggernaut
 68384 | Depths:3 | Killed a juggernaut
 68513 | Depths:3 | Identified the amulet of Myasat {Reflect Harm Dex+3 SH+5}
 68513 | Depths:3 | Identified the +9 battleaxe of Causality {holy, Int+4}
 68513 | Depths:3 | Identified the staff of cold "Baheb" {rC+ rN+ MP+9 Int+3}
 68514 | Depths:3 | Got Womninke's Codex of the Lithic Congregation
 68578 | Depths:3 | Noticed a golden dragon
 69007 | Depths:3 | Killed a golden dragon
 69285 | Depths:3 | Found a one-way gateway to a ziggurat.
 71472 | Crypt:1  | Reached skill level 5 in Hexes
 71845 | Crypt:1  | Identified the staff of poison "Naurogos" {rElec rPois rN+
                  | SInv Stlth+}
 72663 | Crypt:2  | Noticed a royal mummy
 73576 | Crypt:2  | Reached skill level 15 in Shields
 73841 | Crypt:2  | Reached skill level 5 in Armour
 73935 | Crypt:2  | Noticed Khufu
 73947 | Crypt:2  | Noticed a royal mummy
 73956 | Crypt:2  | Killed a royal mummy
 73957 | Crypt:2  | Reached XP level 22. HP: 94/211 MP: 32/32
 74306 | Crypt:2  | Killed a royal mummy
 74633 | Crypt:2  | Killed Khufu
 74740 | Crypt:3  | Entered Level 3 of the Crypt
 75326 | Crypt:3  | Identified the +5 scimitar "Pesily Jidoi" {flame, Fragile
                  | rPois SInv Stlth+}
 75436 | Crypt:3  | Identified the +5 halberd of the Breathing Gods {flame,
                  | Will+}
 75437 | Crypt:3  | Identified the staff of air "Kuppefann" {rElec Int+3}
 75438 | Crypt:3  | Identified the +0 quarterstaff "Carret" {venom, *Slow rPois
                  | rN+}
 75475 | Crypt:3  | Got Pitajid's Octavo of the Autopsy
 75646 | Crypt:3  | Reached skill level 10 in Armour
 75851 | Crypt:3  | Found a staircase to the Tomb.
 76197 | Crypt:3  | Noticed Boris
 76204 | Crypt:3  | Killed Boris
 76769 | Slime:1  | Entered Level 1 of the Pits of Slime
 78288 | Slime:3  | Gained mutation: You are vulnerable to heat. (rF-) [a
                  | shining eye]
 78622 | Slime:5  | Entered Level 5 of the Pits of Slime
 78947 | Slime:5  | Noticed the Royal Jelly
 78957 | Slime:5  | Killed the Royal Jelly
 79431 | Slime:5  | Identified the +1 leather armour of the Blue Cockroach
                  | {rPois Will+}
 79448 | Slime:5  | Identified the +1 robe of the Sturgeon {Will++ Archmagi}
 79535 | Slime:5  | Identified the ring "Ytin Siw" {Will+ Str+7}
 79539 | Slime:5  | Got a slimy rune of Zot
 80163 | Depths:4 | Entered Level 4 of the Depths
 80652 | Depths:4 | Noticed Parghit
 80862 | Depths:4 | Noticed a juggernaut
 80877 | Depths:4 | Killed a juggernaut
 80940 | Depths:4 | Found a gate to the Realm of Zot.
 81147 | Depths:4 | Reached XP level 23. HP: 220/220 MP: 33/33
 81147 | Depths:4 | Reached XP level 24. HP: 228/228 MP: 33/33
 81195 | Depths:4 | Found a portal to a secret trove of treasure.
 81392 | Depths:4 | Noticed Margery
 81403 | Depths:4 | Killed Margery
 81548 | Depths:4 | You paid a toll of 4 scrolls of fog to enter a treasure
                  | trove
 81549 | Trove    | Entered a treasure trove
 81623 | Trove    | Reached XP level 25. HP: 235/235 MP: 33/33
 82071 | Zot:1    | Entered Level 1 of the Realm of Zot
 83304 | Zot:1    | You are sucked into a shaft and drop 1 floor!
 83371 | Depths:4 | Lost mutation: Your spells are a little easier to cast, but
                  | a little less powerful. [potion of mutation]
 83371 | Depths:4 | Lost mutation: You are vulnerable to heat. (rF-) [potion of
                  | mutation]
 83371 | Depths:4 | Gained mutation: You expend magic power (3 MP) to
                  | strengthen your wands. [potion of mutation]
 83371 | Depths:4 | Gained mutation: You occasionally lose the ability to read
                  | scrolls when taking damage. [potion of mutation]
 83371 | Depths:4 | Gained mutation: Your muscles are strong. (Str +4, Int/Dex
                  | -1) [potion of mutation]
 83372 | Depths:4 | Lost mutation: Your muscles are strong. (Str +4, Int/Dex
                  | -1) [potion of mutation]
 83372 | Depths:4 | Lost mutation: You expend magic power (3 MP) to strengthen
                  | your wands. [potion of mutation]
 83372 | Depths:4 | Lost mutation: You occasionally lose the ability to read
                  | scrolls when taking damage. [potion of mutation]
 83372 | Depths:4 | Gained mutation: Your muscles are strong. (Str +4, Int/Dex
                  | -1) [potion of mutation]
 83372 | Depths:4 | Gained mutation: You have a pair of small horns on your
                  | head. [potion of mutation]
 85675 | Zot:2    | Found the +4 dragonskin cloak
 85675 | Zot:2    | Noticed Tiamat
 86033 | Zot:2    | Noticed an orb of fire
 86048 | Zot:2    | Killed an orb of fire
 86049 | Zot:2    | Reached skill level 5 in Spellcasting
 86354 | Zot:2    | Killed Tiamat
 88924 | Zot:4    | Found a runed translucent door.
 88924 | Zot:4    | Noticed Kourobo's ghost (master MiFi)
 89508 | Elf:1    | Bought a scroll of enchant weapon for 97 gold pieces
 89732 | Snake:2  | Bought a scroll of enchant weapon for 232 gold pieces
 90208 | Zot:5    | Entered Level 5 of the Realm of Zot
 91152 | Zot:5    | Reached XP level 26. HP: 247/247 MP: 37/37
 91371 | Zot:5    | Noticed an ancient lich
 91386 | Zot:5    | Noticed an orb of fire
 91389 | Zot:5    | Killed an ancient lich
 91661 | Zot:5    | Lost mutation: Your muscles are strong. (Str +4, Int/Dex
                  | -1) [an orb of fire]
 91662 | Zot:5    | Killed an orb of fire
 91689 | Zot:5    | Noticed an orb of fire
 91690 | Zot:5    | Noticed an ancient lich
 91719 | Zot:5    | Killed an ancient lich
 91722 | Zot:5    | Noticed an orb of fire
 91723 | Zot:5    | Gained mutation: You are partially covered in iridescent
                  | scales. (AC +2) [an orb of fire]
 91725 | Zot:5    | Killed an orb of fire
 91729 | Zot:5    | Gained mutation: You occasionally lose the ability to read
                  | scrolls when taking damage. [an orb of fire]
 91730 | Zot:5    | Noticed an orb of fire
 91731 | Zot:5    | Noticed an orb of fire
 91743 | Zot:5    | Gained mutation: You are frail. (-10% HP) [an orb of fire]
 91757 | Zot:5    | Noticed an orb of fire
 91803 | Zot:5    | Gained mutation: You sometimes lose your temper in combat.
                  | [an orb of fire]
 91811 | Zot:5    | Gained mutation: Your spells are a little easier to cast,
                  | but a little less powerful. [an orb of fire]
 91817 | Zot:5    | Killed an orb of fire
 91819 | Zot:5    | Killed an orb of fire
 92096 | Zot:5    | Gained mutation: Your mind is acute. (Int +4, Str/Dex -1)
                  | [an orb of fire]
 92100 | Zot:5    | Gained mutation: You sometimes lose the ability to read
                  | scrolls when taking damage. [an orb of fire]
 92104 | Zot:5    | Gained mutation: You passively dampen the noise of your
                  | surroundings. [an orb of fire]
 92108 | Zot:5    | Gained mutation: Armour fits poorly on your strangely
                  | shaped body. [an orb of fire]
 92109 | Zot:5    | Killed an orb of fire
 92119 | Zot:5    | Lost mutation: You are partially covered in iridescent
                  | scales. (AC +2) [potion of mutation]
 92119 | Zot:5    | Lost mutation: You passively dampen the noise of your
                  | surroundings. [potion of mutation]
 92119 | Zot:5    | Lost mutation: Armour fits poorly on your strangely shaped
                  | body. [potion of mutation]
 92119 | Zot:5    | Gained mutation: Your body sometimes deteriorates upon
                  | taking damage. [potion of mutation]
 92119 | Zot:5    | Lost mutation: You sometimes lose the ability to read
                  | scrolls when taking damage. [potion of mutation]
 92119 | Zot:5    | Gained mutation: Your body often deteriorates upon taking
                  | damage. [potion of mutation]
 92119 | Zot:5    | Gained mutation: You have large cloven feet. [potion of
                  | mutation]
 92120 | Zot:5    | Lost mutation: You are frail. (-10% HP) [potion of
                  | mutation]
 92120 | Zot:5    | Lost mutation: You have a pair of small horns on your head.
                  | [potion of mutation]
 92120 | Zot:5    | Lost mutation: Your mind is acute. (Int +4, Str/Dex -1)
                  | [potion of mutation]
 92121 | Zot:5    | Lost mutation: Your spells are a little easier to cast, but
                  | a little less powerful. [potion of mutation]
 92121 | Zot:5    | Lost mutation: You have large cloven feet. [potion of
                  | mutation]
 92121 | Zot:5    | Gained mutation: You have an uncontrollable temper. [potion
                  | of mutation]
 92121 | Zot:5    | Gained mutation: Your flesh is cold resistant. (rC+)
                  | [potion of mutation]
 92121 | Zot:5    | Gained mutation: Your movements are slightly less
                  | encumbered by armour. (ER -2) [potion of mutation]
 92122 | Zot:5    | Lost mutation: Your movements are slightly less encumbered
                  | by armour. (ER -2) [potion of mutation]
 92122 | Zot:5    | Lost mutation: Your body often deteriorates upon taking
                  | damage. [potion of mutation]
 92122 | Zot:5    | Lost mutation: You have an uncontrollable temper. [potion
                  | of mutation]
 92122 | Zot:5    | Gained mutation: You passively dampen the noise of your
                  | surroundings. [potion of mutation]
 92123 | Zot:5    | Lost mutation: Your body sometimes deteriorates upon taking
                  | damage. [potion of mutation]
 92123 | Zot:5    | Lost mutation: You sometimes lose your temper in combat.
                  | [potion of mutation]
 92123 | Zot:5    | Gained mutation: Your mind is acute. (Int +4, Str/Dex -1)
                  | [potion of mutation]
 92123 | Zot:5    | Gained mutation: You have a pair of small antennae on your
                  | head. [potion of mutation]
 92123 | Zot:5    | Gained mutation: Your muscles are strong. (Str +4, Int/Dex
                  | -1) [potion of mutation]
 92808 | Zot:5    | Noticed an orb of fire
 92821 | Zot:5    | Gained mutation: Your body sometimes deteriorates upon
                  | taking damage. [an orb of fire]
 92829 | Zot:5    | Killed an orb of fire
 92866 | Zot:5    | Gained mutation: You are robust. (+10% HP) [an orb of fire]
 92871 | Zot:5    | Killed an orb of fire
 93058 | Zot:5    | Got the Orb of Zot
 93813 | D:$      | Escaped with the Orb!

Illustrated notes

Levels and vault maps discovered:
D:1:      mrwooster_arrival_arrow, layout_basic, st_stairs_2,
          minmay_misc_feat_tower, chequers_serial_rivers_marsh
D:2:      layout_loops_corners, ebering_ecumenical_altar_petrified,
          chequers_serial_rivers_large_b
D:3:      layout_loops_ring, minmay_puff, uniq_robin, uniq_sigmund
D:4:      layout_loops_ring, mainiacjoe_overflow_tiny_flanked,
          lemuel_mausoleum_altar_yredelemnul, uniq_duvessa
D:5:      layout_layer_cave
D:6:      layout_basic, gammafunk_temple_overflow_elements,
          minmay_temple_entry_wispy
D:7:      layout_layer_cave, lemuel_round_altar
D:8:      minmay_tri_box, layout_basic, enter_bailey_6
D:9:      layout_loops_cross, amcnicky_altar_gilded
D:10:     layout_stronghold, kennysheep_generic_room_5
D:11:     wander_kiku_kobolds, layout_loops_cross, dpeg_lair_monsters,
          erik_orc_1
D:12:     layout_basic, nicolae_elyvilon_peaceful_grove
D:13:     layout_long_grid, nicolae_transporter_circle, uniq_rupert
D:14:     layout_small_grid, david_vaults_3, fedhas_altar_fruit_tree,
          kennysheep_generic_room_3
D:15:     gammafunk_enter_depths_forms, layout_basic, ashenzari_altar_1,
          dispersion_dpeg, uniq_kirke
Lair:1:   layout_chaotic_city
Lair:2:   layout_roguey, nicolae_swamp_entry_spooky, gammafunk_ghost_grave,
          lemuel_fruit_tree
Lair:3:   layout_long_grid, guppyfry_snake_entry_garden,
          nicolae_volcano_entry_two_sided, infiniplex_staircase_pool,
          uniq_nergalle
Lair:4:   layout_misc_corridors, serial_bayou_shore_a
Lair:5:   cheibrodos_lair_end_hotspot, layout_big_grid, slime_entry_1,
          nzn_sisyphean_effort, uniq_sonja, uniq_josephine
Swamp:1:  layout_basic_swamp, serial_swamp_ruin, evilmike_swamp_ruin_rubble_1,
          evilmike_swamp_ruin_house_3, swamp_pool2
Swamp:2:  layout_basic_swamp, nicolae_swamp_treefoil,
          infiniplex_staircase_pool_2
Swamp:3:  layout_falls_marsh, nicolae_swamp_little_tower
Swamp:4:  swamp, layout_basic_swamp, swamp_pool1, uniq_aizul
Snake:1:  layout_layer_cave
Snake:2:  layout_rooms, nicolae_shop_gadgets, minmay_shoptagon
Snake:3:  layout_cave_pods, nicolae_snake_storage_room
Snake:4:  snake_pit, layout_chambers, gammafunk_ghost_wrathful_warriors,
          grunt_megastairs_3
Slime:1:  cheibrodos_slime_lost_civilization_2, layout_caves, basic_altar
Slime:2:  layout_caves
Slime:3:  layout_caves, nicolae_slime_getting_an_eyeful
Slime:4:  layout_caves, cheibrodos_slime_lost_civilization_7
Slime:5
Orc:1:    layout_caves
Orc:2:    st_orc_open, layout_diamond_mine, basic_altar, uniq_donald
Elf:1:    layout_gridlike, serial_shops, shop_scrolls,
          hangedman_elven_crosses_minicolossus
Elf:2:    elven_hall_of_blades_hangedman_original [nooodl_blade_entry_preview],
          layout_geoelf_octagon, portal_ice_cave_entry_frozen_things
Elf:3:    elf_hall, layout_onion_city, minivault_11
Vaults:1: v_pattern_3, vaults_room_fours, vaults_dpeg_cross,
          hangedman_vaults_capsules, nicolae_vaults_windows_and_doors_thing,
          nicolae_vaults_circle_grid_b, hangedman_vaults_stretched_pinwheel,
          hangedman_vaults_pinch, nicolae_vaults_little_squares_6,
          v_alt_pattern_2, grunt_vaults_hallway_long, vaults_dpeg_hooks,
          layout_vaults_omnicross, serial_shops, shop_coins
Vaults:2: minmay_crypt_entry_simple_corners, nicolae_vaults_stairing_the_circle,
          nicolae_vaults_big_ls, vaults_room_fancy_cross, v_misc_10,
          nicolae_vaults_fighting_squares, v_alt_pattern_2,
          nicolae_vaults_little_squares_6, vaults_mumra_hexcomb,
          nicolae_vaults_hallways_thing, nicolae_vaults_network_star,
          nicolae_vaults_ring_of_whatevers, ontoclasm_vaults_decontamination,
          layout_vaults_ring
Vaults:3: gammafunk_ghost_spectres, hangedman_vaults_river_flow,
          hangedman_vaults_trim, nicolae_vaults_three_branches, v_misc_22,
          nicolae_vaults_alarming, v_misc_22, nicolae_vaults_gold_heap,
          v_misc_1, vaults_room_grid, nicolae_vaults_little_squares_6,
          layout_vaults_quadrants
Vaults:4: grunt_vaults_hallway_short, v_misc_25, hangedman_vaults_trim,
          v_misc_18, ontoclasm_vaults_tryst, v_alt_pattern_4,
          ontoclasm_vaults_twist, nicolae_vaults_border_crossing,
          v_alt_pattern_1, layout_vaults_chaotic_city, uniq_jory
Vaults:5: serial_shops, uniq_sojobo, uniq_frederick, uniq_mara
Crypt:1:  gammafunk_crypt_yreds_forest, layout_chaotic_city
Crypt:2:  cheibrodos_crypt_down_in_the_bonehoard, layout_basic, uniq_khufu
Crypt:3:  lightli_unholy_cathedral, layout_chaotic_city,
          nicolae_tomb_entry_grand_gallery, weyrava_lich_vault
Depths:1: minmay_four_inscribed_fans, layout_cave_pools,
          nzn_hepliaklqana_mist_gate, hell_entry, rand_demon_pan_entry_5,
          uniq_enchantress
Depths:2: hellmonk_crumbling_castle, layout_gridville, abyss_entry_flame_altar,
          hell_entry, rand_demon_pan_entry_4, cheibriados_altar_1
Depths:3: minmay_the_grid_net [minmay_the_grid_slots,
          minmay_the_grid_minigrid_medium, minmay_the_grid_pillar_ring,
          minmay_the_grid_x, minmay_the_grid_airy,
          minmay_the_grid_prize_shrinking_boxes], layout_cave_shapes,
          enter_ziggurat_b, grunt_pan_entry_in_and_out,
          marbit_kobold_abyss_entry, hell_entry, chequers_serial_rivers_micro_b
Depths:4: grunt_x_marks_the_spot, layout_long_grid, enter_trove_0,
          grunt_hell_entry_dis_old, hangedman_decor_diamond_cutter,
          rand_demon_pan_entry_1, uniq_margery, uniq_parghit
Zot:1:    layout_cathedral_of_symmetry
Zot:2:    layout_gridville, lemuel_baited_zot_trap, uniq_tiamat
Zot:3:    layout_concentric_octagons
Zot:4:    layout_onion_interference, hellmonk_ghost_happy_afterlife,
          skrybe_zot_glass_3, grunt_megastairs_1
Zot:5:    layout_basic

Skill      XL: |  1  2  3  4  5  6  7  8  9 10 11 12 13 14 15 16 17 18 19 20 21 22 23 24 25 26 |
---------------+-------------------------------------------------------------------------------+-----
Stealth        | 1 2 3 |  3.7
Ranged Weapons | 4 5 6 7 9 10 12 13 15 16 18 19 20 21 22 23 | 23.0
Dodging        | 3 5 6 8 10 11 13 15 17 19 20 21 22 23 | 23.0
Fighting       | 3 5 6 8 10 11 13 15 17 19 20 21 22 23 | 23.0
Armour         | 2 4 5 11 | 11.0
Translocations | 6 7 |  7.0
Spellcasting   | 2 3 4 6 |  6.0
Air Magic      | 4 5 7 |  7.0
Evocations     | 5 |  5.0
Shields        | 2 11 15 | 15.0
Hexes          | 4 6 7 |  7.0

Action                     |  1- 3 |  4- 6 |  7- 9 | 10-12 | 13-15 | 16-18 | 19-21 | 22-24 | 25-27 || total
---------------------------+-------+-------+-------+-------+-------+-------+-------+-------+-------++-------
   Fire: Shortbow          |   108 |   178 |   482 |   981 |   512 |       |       |       |       ||  2261
         Arbalest          |       |       |       |       |   733 |  1341 |  1097 |       |       ||  3171
         Hand crossbow     |       |       |       |       |       |       |   792 |  1028 |  1131 ||  2951
   Cast: Blink             |       |       |       |       |     8 |     4 |    21 |    12 |     2 ||    47
         Swiftness         |       |       |       |       |       |     1 |     3 |     2 |     4 ||    10
         Portal Projectile |       |       |       |       |       |       |     7 |     7 |     5 ||    19
  Evoke: Wand              |       |       |       |     2 |       |       |     1 |       |       ||     3
         Phantom mirror    |       |       |       |       |       |       |     2 |       |       ||     2
         Condenser vane    |       |       |       |       |       |       |     1 |       |       ||     1
    Use: Scroll            |     4 |     1 |     2 |     2 |    21 |     6 |    19 |     8 |    13 ||    76
         Potion            |       |     2 |       |       |     1 |       |    15 |     7 |    25 ||    50
 Armour: Leather armour    |     9 |    27 |    25 |       |       |    36 |    78 |       |       ||   175
         Steam dragon scal |       |       |    24 |    91 |   113 |    19 |       |       |       ||   247
         Robe              |       |       |       |       |       |    24 |       |       |       ||    24
         Acid dragon scale |       |       |       |       |       |       |    44 |   104 |   150 ||   298
  Dodge: Dodged            |    27 |    60 |   113 |   430 |   658 |   927 |  1498 |   725 |  1229 ||  5667
  Block: Kite shield       |       |       |       |       |       |       |   454 |   617 |   903 ||  1974
         Reflection        |       |       |       |       |       |       |     1 |       |       ||     1

Table legend: (Time is in decaauts)
 A = Elapsed time spent in this place.
 B = Non-inter-level travel time spent in this place.
 C = Inter-level travel time spent in this place.
 D = Time resting spent in this place.
 E = Time spent auto-exploring this place.
 F = Levels seen in this place.
 G = Mean time per level.
                   A        B        C        D        E       F      G
               +--------+--------+--------+--------+--------+-----+--------+
         Total |  94354 |  83749 |  10605 |  32012 |  35675 |  60 | 1572.6 |
       Dungeon |  29316 |  24689 |   4627 |   8006 |  12896 |  15 | 1954.4 |
          Lair |   7232 |   6149 |   1083 |   2424 |   2635 |   5 | 1446.4 |
         Swamp |   5328 |   5132 |    196 |   2656 |   1477 |   4 | 1332.0 |
     Snake Pit |   8461 |   7738 |    723 |   3711 |   2984 |   4 | 2115.2 |
    Slime Pits |   3042 |   2863 |    179 |   1259 |    846 |   5 |  608.4 |
  Orcish Mines |   2441 |   2099 |    342 |    690 |    884 |   2 | 1220.5 |
   Elven Halls |   4388 |   4045 |    343 |   1861 |   1386 |   3 | 1462.7 |
        Vaults |   8863 |   7826 |   1037 |   2573 |   3764 |   5 | 1772.6 |
         Crypt |   5692 |   5394 |    298 |   1832 |   2194 |   3 | 1897.3 |
        Depths |   8783 |   7699 |   1084 |   2632 |   3439 |   4 | 2195.8 |
           Zot |   8607 |   7920 |    687 |   3105 |   2945 |   5 | 1721.4 |
         Abyss |     22 |     22 |      0 |      0 |      0 |   1 |   22.0 |
         Trove |     93 |     93 |      0 |      0 |     70 |   1 |   93.0 |
        Bailey |     30 |     30 |      0 |      0 |      0 |   1 |   30.0 |
      Ice Cave |   1127 |   1127 |      0 |    801 |     83 |   1 | 1127.0 |
       Volcano |    922 |    922 |      0 |    460 |     70 |   1 |  922.0 |
               +--------+--------+--------+--------+--------+-----+--------+

Top non-repeatable levels by time:
 Snake:3: 3573 daAuts
    D:10: 3512 daAuts
     D:4: 3152 daAuts
    D:11: 3096 daAuts
Depths:4: 2933 daAuts
   Elf:3: 2796 daAuts
   Zot:5: 2610 daAuts
Depths:3: 2592 daAuts
Vaults:3: 2521 daAuts
     D:8: 2508 daAuts
Vaults:1: 2420 daAuts
     D:5: 2386 daAuts
Vaults:2: 2307 daAuts
 Crypt:1: 2164 daAuts
 Snake:4: 2110 daAuts
